 Dungeon Crawl Stone Soup version 0.31-a0-152-g6aa68a64a1 (webtiles) character file.

Game seed: 12575064259084076169

493 qw the Skirmisher (level 6, -1/56 HPs)
             Began as a Minotaur Hunter on June 9, 2023.
             Slain by an orc wizard
             ... wielding a +0 dagger
              (3 damage)
             ... on level 4 of the Dungeon.
             The game lasted 00:01:00 (2728 turns).

qw the Skirmisher (Minotaur Hunter)                 Turns: 2728, Time: 00:01:01

Health: -1/56      AC:  6    Str: 16    XL:     6   Next: 92%
Magic:  5/5        EV: 11    Int:  6    God:
Gold:   143        SH:  0    Dex: 15    Spells: 5/5 levels left

rFire   . . .        Y - +0 shortbow (drain)
rCold   . . .        (shield currently unavailable)
rNeg    . . .        e - +0 ring mail
rPois   .            (helmet restricted)
rElec   .            (no cloak)
rCorr   +            (no gloves)
SInv    .            k - +0 pair of boots
Will    .....        (no amulet)
Stlth   +            l - ring of resist corrosion
HPRegen 0.29/turn    (no ring)
MPRegen 0.09/turn

%: no passive effects
@: no status effects
A: horns 2, retaliatory headbutt
a: no special abilities


You were on level 4 of the Dungeon.
You visited 1 branch of the dungeon, and saw 4 of its levels.

You collected 143 gold pieces.


Innate Abilities, Weirdness & Mutations

You have a pair of horns on your head.
You reflexively headbutt those who attack you in melee.


   Skills:
 - Level 5.0 Fighting
 - Level 8.0 Ranged Weapons
 + Level 1.2 Armour
 - Level 2.1 Dodging
 - Level 0.7 Stealth


You had 5 spell levels left.
You didn't know any spells.
Your spell library was empty.

Inventory:

Hand Weapons
 Y - a +0 shortbow of draining (weapon)
Armour
 e - a +0 ring mail (worn)
 k - a +0 pair of boots (worn)
Jewellery
 a - an amulet of the acrobat
 l - a ring of resist corrosion (left hand)
Scrolls
 f - 2 scrolls of identify
Potions
 b - a potion of cancellation
 g - a potion of mutation {unknown}
 h - 3 potions of curing
 j - a potion of heal wounds {unknown}

Dungeon Overview and Level Annotations

Branches:
Dungeon (4/15)
 Temple: D:4-7

Altars:
Hepliaklqana
Nemelex Xobeh


Message History

The arrow hits the orc wizard.
The orc wizard is moderately wounded.
An orc comes into view. It is wielding a +0 club.
You shoot an arrow.
The arrow hits the orc warrior but does no damage.
The orc warrior is heavily wounded.
The orc wizard gestures wildly while chanting.
The orc wizard flickers and vanishes!
Deactivating autopickup; reactivate with Ctrl-A.
The orc warrior hits you with a +2 short sword of freezing.
The orc warrior freezes you.
You shoot an arrow.
The arrow hits the orc warrior but does no damage.
You drain the orc warrior.
The orc warrior is severely wounded.
The orc hits you with a +0 club.
The orc warrior hits you but does no damage.
A goblin comes into view. It is wielding a +0 dagger.
You shoot an arrow. The arrow hits the orc warrior!
You drain the orc warrior.
You kill the orc warrior!
The orc closely misses you. You furiously retaliate!
You headbutt the orc.
Your Fighting skill increases to level 5!
You shoot an arrow. The arrow hits the orc!
You kill the orc!
You shoot an arrow.
A magic dart appears from out of thin air!
The magic dart hits you.
You shoot an arrow.
The arrow hits the orc but does no damage.
You shoot an arrow. The arrow hits the orc.
You kill the orc!
Something hits you.
You hear some strange, mumbled words.
Something tries to affect you, but you resist.
You shoot an arrow. The arrow hits the goblin.
The goblin is moderately wounded.
The goblin closely misses you. You furiously retaliate!
You headbutt the goblin.
You kill the goblin!
Something hits you.
You die...

..........##.........#..
...##.##............ #..
.#..#.#..#......... ...
.##.....##.....[.. ##..
....._........... ...
.##.....##...... ..#
#..#.#..#...... ...#
...##.##.)......
......)@).......
.....##).......# .....
.........# ..#.
..........# .....#.....#
...#.##.....# ...##..
.....# #... ... ....


There were no monsters in sight!

Vanquished Creatures
  Sigmund (D:2)
  An orc warrior (D:4)
  An ogre (D:4)
  A jelly (D:4)
  Terence (D:2)
  5 adders
  A worm (D:2)
  3 dart slugs
  3 orcs
  6 ball pythons
  6 endoplasms
  2 giant cockroaches (D:1)
  7 goblins
  6 hobgoblins
  7 kobolds
  A quokka (D:1)
  6 bats
  2 frilled lizards (D:1)
  4 rats
64 creatures vanquished.

Notes
Turn   | Place    | Note
-------+----------+-------------------------------------------
     0 | D:1      | qw the Minotaur Hunter began the quest for the Orb.
     0 | D:1      | Reached XP level 1. HP: 18/18 MP: 0/0
     0 | D:1      | 0 ||| qw: Version: 0.2-a-121-gba3a3e5
     0 | D:1      | 0 ||| qw: Game counter: 3181
     0 | D:1      | 0 ||| qw: Always use a shield: true
     0 | D:1      | 0 ||| qw: God list: Okawaru
     0 | D:1      | 0 ||| qw: Allow faded altars: false
     0 | D:1      | 0 ||| qw: Do Orc after D:15 true
     0 | D:1      | 0 ||| qw: Do second Lair branch before Depths: true
     0 | D:1      | 0 ||| qw: Lair rune preference: random
     0 | D:1      | 0 ||| qw: Plans: Normal
     0 | D:1      | 0 ||| PLANNING D:1-11
   100 | D:1      | Reached XP level 2. HP: 25/25 MP: 1/1
   102 | D:1      | Reached skill level 5 in Ranged Weapons
   482 | D:1      | Reached skill level 3 in Fighting
   720 | D:1      | Reached XP level 3. HP: 31/31 MP: 2/2
   850 | D:1      | 850 ||| UPGRADING to +0 ring mail.
   860 | D:1      | 860 ||| DROPPING +0 leather armour.
   861 | D:1      | 861 ||| UPGRADING to +0 pair of boots.
   866 | D:1      | 866 ||| UPGRADING to ring of resist corrosion.
   867 | D:1      | 867 ||| READING 2 scrolls labelled DIEJYPPIAKKITH.
   868 | D:1      | 868 ||| READING 3 scrolls labelled ALAKLUA ANUOSA.
   869 | D:1      | 869 ||| READING 3 scrolls labelled UCOONY BYCAE.
   870 | D:1      | 870 ||| READING scroll labelled ZYINGU XUUTUNTOR.
   871 | D:1      | 871 ||| READING scroll labelled ZESCHE RUTIEXIO.
   872 | D:1      | 872 ||| DRINKING 3 lumpy purple potions.
   873 | D:1      | 873 ||| READING 2 scrolls of identify.
   873 | D:1      | 873 ||| IDENTIFYING golden potion
   874 | D:1      | 874 ||| DROPPING scroll of blinking.
   875 | D:1      | 875 ||| DROPPING scroll of butterflies.
   876 | D:1      | 876 ||| DROPPING potion of degeneration.
   877 | D:1      | 877 ||| DROPPING 2 scrolls of poison.
   879 | D:1      | 879 ||| Stepping ~*~*~tactically~*~*~ (cloud).
   886 | D:1      | HP: 7/31 [poisoned by you (poison gas)]
  1030 | D:2      | Noticed Terence
  1040 | D:2      | Reached skill level 1 in Armour
  1051 | D:2      | Killed Terence
  1221 | D:2      | Noticed Sigmund
  1229 | D:2      | Reached XP level 4. HP: 24/38 MP: 3/3
  1230 | D:2      | Killed Sigmund
  1231 | D:2      | Reached skill level 7 in Ranged Weapons
  1231 | D:2      | Reached XP level 5. HP: 22/45 MP: 4/4
  1805 | D:2      | 1805 ||| READING scroll labelled SUIRGHI PUTRO.
  1806 | D:2      | 1806 ||| READING scroll labelled UPUCUBALUSS.
  1807 | D:2      | 1807 ||| READING scroll labelled ISOOTROULU.
  1974 | D:3      | Found a faded altar of an unknown god.
  2129 | D:3      | 2129 ||| Stepping ~*~*~tactically~*~*~ (outnumbered).
  2143 | D:3      | Reached XP level 6. HP: 33/52 MP: 5/5
  2357 | D:3      | Found a sparkling altar of Nemelex Xobeh.
  2570 | D:3      | 2570 ||| READING 3 scrolls labelled MES XASKOAG.
  2571 | D:3      | 2571 ||| READING scroll labelled RATURGHI EDWUL.
  2572 | D:3      | 2572 ||| READING 3 scrolls labelled UTAICIRGHOI.
  2573 | D:3      | 2573 ||| READING 3 scrolls of identify.
  2573 | D:3      | 2573 ||| IDENTIFYING sedimented purple potion
  2574 | D:3      | 2574 ||| READING 2 scrolls of identify.
  2574 | D:3      | 2574 ||| IDENTIFYING lumpy brown potion
  2575 | D:3      | 2575 ||| DROPPING 2 scrolls of fog.
  2576 | D:3      | 2576 ||| DROPPING potion of ambrosia.
  2577 | D:3      | 2577 ||| DROPPING 2 scrolls of noise.
  2671 | D:4      | Found a hazy altar of Hepliaklqana.
  2694 | D:4      | Reached skill level 8 in Ranged Weapons
  2710 | D:4      | Noticed an orc warrior
  2721 | D:4      | HP: 10/52 [orc warrior/+2 short sword of freezing (6)]
  2723 | D:4      | Killed an orc warrior
  2725 | D:4      | HP: 2/56 [something/magic dart (6)]
  2728 | D:4      | Slain by an orc wizard

Levels and vault maps discovered:
D:1:      wander_arrival_desolate, layout_basic, minmay_crystal_room,
          kennysheep_small_spiral
D:2:      layout_basic, uniq_sigmund, uniq_terence
D:3:      layout_loops_ring, nemelex_spade_bored_becter,
          shapermc_ecumenical_altar_rom_forum, minmay_vboxes
D:4:      layout_cave_pools, mainiacjoe_overflow_small_starburst,
          nzn_wu_jian_contemplation, minmay_fountain_box, chequers_arboretum

Skill      XL: |  1  2  3  4  5  6 |
---------------+-------------------+-----
Ranged Weapons | 5 7 8 |  8.0
Fighting       | 3 5 |  5.0
Armour         | 1 |  1.2
Dodging        | |  2.1
Stealth        | |  0.7

Action                     |  1- 3 |  4- 6 || total
---------------------------+-------+-------++-------
  Melee: Unarmed           |     8 |       ||     8
   Fire: Shortbow          |    93 |    88 ||   181
    Use: Scroll            |     6 |     8 ||    14
         Potion            |     1 |       ||     1
 Armour: Leather armour    |    10 |       ||    10
         Ring mail         |     5 |    15 ||    20
  Dodge: Dodged            |    32 |    25 ||    57

Table legend:
 A = Non-vault XP
 B = Vault XP
 C = Vault XP percentage of total XP
 D = Non-vault monster count
 E = Vault monster count
 F = Vault count percentage of total count
                 A         B        C        D         E       F
            +---------+---------+-------+---------+---------+-------
      Total |     427 |     280 |  39.6 |      56 |       8 |  12.5
            +---------+---------+-------+---------+---------+-------
        D:1 |      41 |       0 |   0.0 |      23 |       0 |   0.0
        D:2 |      43 |     250 |  85.3 |      10 |       2 |  16.7
        D:3 |      23 |      30 |  56.6 |      11 |       6 |  35.3
        D:4 |     320 |       0 |   0.0 |      12 |       0 |   0.0
            +---------+---------+-------+---------+---------+-------
